[Event "*** Titled Tuesday Blitz"]
[Site "Chess.com"]
[Date "2018.11.06"]
[Round "4"]
[White "Kawhi_Leonard2"]
[Black "tteshan"]
[Result "1-0"]
[WhiteElo "2283"]
[BlackElo "2137"]
[TimeControl "180+2"]
[EndTime "13:53:21 PST"]
[Termination "Kawhi_Leonard2 won by checkmate"]

1. e4 c5 2. Nf3 Nc6 3. d4 cxd4 4. Nxd4 g6 5. Nc3 Bg7 6. Be3 Nf6 7. Bc4 O-O 8. Bb3 Qa5 9. O-O d6 10. h3 Bd7 11. Re1 Rfc8 12. Nf3 Qd8 13. Bg5 Na5 14. Nd5 Nxd5 15. exd5 f6 16. Be3 Nxb3 17. axb3 a6 18. c4 b5 19. Rc1 h6 20. c5 f5 21. c6 Be8 22. Qd2 Kh7 23. Bd4 Bf7 24. Bxg7 Kxg7 25.
Qd4+ Kh7 26. Rc3 Rc7 27. Rce3 Raa7 28. h4 Qg8 29. Rd1 a5 30. Qd3 b4 31. h5 Qg7 32.
hxg6+ Bxg6 33. Nd4 f4 34. Re4 Qf7 35. Ne6 Rc8 36.
Qf3 Bxe4 37. Qxe4+ Qg6 38. Qxf4 Qf6 39. Qe3 Raa8 40.
Rd4 Rg8 41. Rf4 Qg6 42. Qf3 a4 43. bxa4 Kh8 44. b3 Qb1+ 45. Kh2 Qg6 46. Rf7 Rae8 47. g3 h5 48. Qf4 Qg4 49. Qh6# 1-0

[Event "*** Titled Tuesday Blitz"]
[Site "Chess.com"]
[Date "2018.11.06"]
[Round "4"]
[White "alishersuleymenov"]
[Black "GadimbayliA"]
[Result "0-1"]
[WhiteElo "2494"]
[BlackElo "2644"]
[TimeControl "180+2"]
[EndTime "13:53:23 PST"]
[Termination "GadimbayliA won by checkmate"]

1. d4 e6 2. c4 b6 3. e4 Bb7 4. Bd3 Bb4+ 5. Bd2 Bxd2+ 6. Nxd2 Nc6 7. Ngf3 Nce7 8. O-O d6 9. b4 a5 10. a3 Nf6 11.
Qc2 h6 12. Rfe1 Nd7 13. e5 d5 14. c5 O-O 15. Nf1 c6 16. Ng3 Ba6 17. Rec1 Bxd3 18.
Qxd3 b5 19. a4 bxa4 20. b5 cxb5 21. Qxb5 Nb8 22. c6 Qc7 23. Rc2 Nbxc6 24. Rac1 Rfb8 25. Qxa4 Rb4 26. Qa3 Qb7 27. Ne2 Rb8 28. h3 Qa6 29. Kh2 a4 30. Nc3 Qb7 31. Na2 Rb3 32. Qd6 Rd8 33. Qc5 Rc8 34. Qd6 Nf5 35. Qc5 Nce7 36. Qa5 Rxc2 37. Rxc2 Rxf3 38. gxf3 Qb3 39. Qc3 Nxd4 40.
Rb2 Nxf3+ 41. Kg3 Qd1 42. Qxf3 Nf5+ 43. Kg4 h5+ 44. Kf4 Qd4+ 45. Kg5 Qh4# 0-1

[Event "*** Titled Tuesday Blitz"]
[Site "Chess.com"]
[Date "2018.11.06"]
[Round "4"]
[White "pulvettd"]
[Black "jacky72"]
[Result "0-1"]
[WhiteElo "2514"]
[BlackElo "2696"]
[TimeControl "180+2"]
[EndTime "13:53:28 PST"]
[Termination "jacky72 won by checkmate"]

1. d4 Nf6 2. c4 g6 3. Nc3 Bg7 4. e4 d6 5. h3 O-O 6. Be3 Na6 7. g4 c5 8. d5 e6 9. Bg2 exd5 10. cxd5 b5 11. Nxb5 Qa5+ 12. Nc3 Rb8 13. Qd2 Rxb2 14. Qxb2 Nxe4 15. Ne2 Nxc3 16. O-O Nxd5 17.
Qd2 Qxd2 18. Bxd2 Bxa1 19. Rxa1 Be6 20. f4 Nb6 21. f5 Bd5 22. Nf4 Bxg2 23. Kxg2 d5 24.
Re1 Nc4 25. Bc1 d4 26. Re7 Ra8 27. h4 Nb4 28. h5 Nxa2 29. fxg6 hxg6 30. hxg6 fxg6 31.
Nd5 Nxc1 32. Nf6+ Kf8 33. Rd7 Ne3+ 34. Kf3 Nd5 35. Nxd5 Re8 36. Rxa7 d3 37. Kf4 d2 38. Nc3 Ne2+ 39. Kg5 Nxc3 40. Kxg6 Re6+ 41. Kf5 Rb6 42.
Ra8+ Ke7 43. Ra7+ Kd6 44. g5 d1=Q 45. g6 Qf3+ 46. Kg5 Ne4+ 47. Kh6 Qh3+ 48. Kg7 Rc6 49.
Rf7 Rc7 50. Kg8 Rxf7 51. gxf7 Qe6 52. Kh8 Qf6+ 53. Kg8 Ke7 54. f8=Q+ Qxf8+ 55. Kh7 Qf6 56. Kg8 Qg5+ 57. Kh7 Nf6+ 58. Kh8 Qg8# 0-1

[Event "*** Titled Tuesday Blitz"]
[Site "Chess.com"]
[Date "2018.11.06"]
[Round "4"]
[White "LastGladiator1"]
[Black "Vrolijk"]
[Result "0-1"]
[WhiteElo "2628"]
[BlackElo "2658"]
[TimeControl "180+2"]
[EndTime "13:53:29 PST"]
[Termination "Vrolijk won by resignation"]

1. d4 Nf6 2. c4 e6 3. Nc3 Bb4 4. Nf3 d5 5. Bg5 dxc4 6. g3 b5 7.
Bg2 Bb7 8. O-O a6 9. a4 c6 10.
Ne5 Qb6 11. Be3 Nd5 12. Qc2 O-O 13. Ne4 f6 14. Nf3 Nd7 15. Bh3 Rae8 16. b3 c3 17. Rad1 Nxe3 18. fxe3 c5 19. Nxc3 f5 20. axb5 axb5 21.
Na2 Ba3 22. dxc5 Nxc5 23. b4 Ne4 24. Qb3 Ra8 25. Nd4 Bd5 26. Qb1 g6 27. Rd3 Bc4 28.
g4 e5 29. Nc2 Bxd3 30. exd3 Nd2 31. Qd1 Nxf1 32. Bxf1 f4 33. Bg2 fxe3 34. Qe2 Rf2 35. Bd5+ Kg7 36. Qxe3 Qxe3 37. Nxe3 Raf8 38. Nf5+ R2xf5 39. gxf5 gxf5 40. Nc3 Bxb4 41. Nxb5 Rd8 42. Bc4 Kf6 43.
Nc7 Bc5+ 44. Kf1 Bd4 45. h4 e4 46. Nd5+ Ke5 47. Ne7 Rd6 48. Ke2 Rb6 49. Kd1 e3 50. Nd5 Rb1+ 51. Ke2 Rb2+ 52. Kf3 Rf2+ 53. Kg3 e2 54. Ne7 e1=Q 55. Nc6+ Kf6 56. Nxd4 Qg1+ 0-1

[Event "*** Titled Tuesday Blitz"]
[Site "Chess.com"]
[Date "2018.11.06"]
[Round "4"]
[White "nitpicker"]
[Black "gemarin"]
[Result "1-0"]
[WhiteElo "2190"]
[BlackElo "2062"]
[TimeControl "180+2"]
[EndTime "13:53:30 PST"]
[Termination "nitpicker won by resignation"]

1. d4 d5 2. c4 c6 3. Nf3 Nf6 4. Nc3 e6 5. e3 Nbd7 6. b3 Qa5 7. Bd2 Bb4 8. Qc2 Ne4 9. Nxe4 dxe4 10. Qxe4 Bxd2+ 11. Nxd2 O-O 12. Bd3 f5 13. Qxe6+ Kh8 14. Ke2 c5 15. Qd5 f4 16. e4 Qc7 17. Nf3 cxd4 18. Qxd4 Nc5 19. Rhd1 Bg4 20. Bc2 Rad8 21. Qc3 Rde8 22. Rd4 Nd7 23. Rad1 Ne5 24. Rd5 Bxf3+ 25.
gxf3 Qe7 26. Rg1 h6 27. b4 Rf6 28. Bb3 a6 29. c5 Qc7 30. Qd4 Rfe6 31. Ba4 Rf8 32. Rd1 Re7 33. Rd8 Rxd8 34. Qxd8+ Qxd8 35. Rxd8+ Kh7 36. a3 Kg6 37. Bb3 Kh7 38. Bd5 g5 39.
Rb8 Kg7 40. Rxb7 Rxb7 41. Bxb7 a5 42. c6 Kf6 43. c7 Nf7 44. c8=Q Nd6 45. Qc6 1-0

[Event "*** Titled Tuesday Blitz"]
[Site "Chess.com"]
[Date "2018.11.06"]
[Round "4"]
[White "NateSolon"]
[Black "Korchmar_Vasiliy"]
[Result "1/2-1/2"]
[WhiteElo "2522"]
[BlackElo "2695"]
[TimeControl "180+2"]
[EndTime "13:53:37 PST"]
[Termination "Game drawn - insufficient material"]

1. e4 c5 2. Nc3 d6 3. d4 cxd4 4. Qxd4 Nf6 5. Bg5 Nc6 6. Qd2 e6 7. O-O-O a6 8. f4 h6 9. Bh4 Nxe4 10. Nxe4 Qxh4 11. Nf3 Qd8 12. Nxd6+ Bxd6 13. Qxd6 Qxd6 14.
Rxd6 Ke7 15. Rd2 Rd8 16. Rxd8 Kxd8 17. Bd3 Nb4 18. Rd1 Ke7 19. a3 Nd5 20. g3 Bd7 21. Ne5 Be8 22. Be4 Rd8 23. c4 Rc8 24. Kd2 Nf6 25. Bf3 b5 26. cxb5 Bxb5 27. Rc1 Rd8+ 28. Ke3 Ne8 29. Bc6 Rc8 30. Kd2 Rd8+ 31. Ke3 Rc8 32.
Kd2 f6 33. Bxb5 Rxc1 34. Kxc1 axb5 35. Nc6+ Kd6 36. Nd4 Nc7 37. Kc2 Kd5 38. Kd3 e5 39. fxe5 fxe5 40. Nf5 Ne6 41. Ne3+ Kd6 42. Nf5+ Kd5 43.
Ne3+ Kd6 44. Nf5+ Kc5 45. Ke4 Ng5+ 46. Kxe5 Nf3+ 47. Kf4 Nxh2 48. Nxg7 Kc4 49. Nf5 Kb3 50. Nd4+ Kxb2 51. Nxb5 Kb3 52. Nd4+ Kxa3 53. Nf5 Nf1 54.
g4 Nh2 55. Nxh6 Nxg4 56. Nxg4 1/2-1/2

[Event "*** Titled Tuesday Blitz"]
[Site "Chess.com"]
[Date "2018.11.06"]
[Round "4"]
[White "Blagorod"]
[Black "narutosmith"]
[Result "1-0"]
[WhiteElo "2090"]
[BlackElo "2198"]
[TimeControl "180+2"]
[EndTime "13:53:39 PST"]
[Termination "Blagorod won by checkmate"]

1. e4 c5 2. Nc3 e6 3. g3 Nc6 4.
Bg2 g6 5. d3 Bg7 6. Be3 d6 7.
f4 Nge7 8. Nf3 O-O 9. O-O Nd4 10.
e5 Nxf3+ 11. Qxf3 d5 12. Bxc5 b6 13. Bf2 Bb7 14. Ne2 Rb8 15. d4 h5 16. h3 Nf5 17. g4 hxg4 18. hxg4 Nh4 19. Bxh4 Qxh4 20. g5 Ba6 21. c3 Rfc8 22. Rf2 b5 23. Bf1 Qh5 24. Qg3 f5 25. Rh2 Qg4 26. Qxg4 fxg4 27. a3 Bb7 28. Kf2 a5 29. Kg3 Bc6 30. Kxg4 b4 31.
axb4 axb4 32. Ng3 bxc3 33. bxc3 Rb3 34. Rc2 Be8 35. c4 dxc4 36. Rxc4 Rcb8 37. Ra7 Bc6 38. Rxc6 Re3 39. Rcc7 Bf8 40. Bc4 Rb6 41. Rab7 Rxb7 42. Bxe6+ Kh8 43. Rxb7 Rd3 44. d5 Rd4 45. d6 Bxd6 46.
exd6 Rxd6 47. Bc4 Rd4 48. Be2 Rd2 49. Bf3 Rd3 50. Be4 Rd6 51. Rf7 Kg8 52. Rf6 Rd4 53.
Rxg6+ Kf7 54. Ra6 Ke7 55. g6 Kf8 56. g7+ Kxg7 57. Nf5+ Kf7 58. Nxd4 Kg8 59. Kg5 Kg7 60. Ra7+ Kf8 61. Kf6 Ke8 62. Nc6 Kf8 63. Ra8# 1-0

[Event "*** Titled Tuesday Blitz"]
[Site "Chess.com"]
[Date "2018.11.06"]
[Round "4"]
[White "ZuchBolt"]
[Black "Makalexa"]
[Result "1-0"]
[WhiteElo "2279"]
[BlackElo "2123"]
[TimeControl "180+2"]
[EndTime "13:53:41 PST"]
[Termination "ZuchBolt won by resignation"]

1. d4 Nf6 2. c4 g6 3. Nc3 Bg7 4. e4 d6 5. f3 O-O 6. Be3 Na6 7. Qd2 Nd7 8. h4 c5 9. d5 Ne5 10. h5 e6 11. hxg6 fxg6 12. O-O-O Re8 13. Nh3 exd5 14. Nxd5 Be6 15. Ng5 h5 16. Nxe6 Rxe6 17. Bg5 Qf8 18. Nf4 Ree8 19. Qxd6 Nb4 20. Qxf8+ Rxf8 21. a3 Nbc6 22. Ne6 Rf7 23. Nxc5 Rc8 24. Ne6 Nxc4 25. Bxc4 Na5 26. Rd8+ Rxd8 27. Nxd8 Nxc4 28.
Nxf7 Kxf7 29. b3 Nxa3 30. Rd1 Ke6 31. Rd8 Nb5 32. Rg8 Kf7 33. Rb8 b6 34. Rb7+ Kg8 35.
Be3 h4 36. Bg5 Bd4 37. Bxh4 a5 38. Bd8 Nd6 39. Rd7 Be3+ 40. Kc2 Nb5 41. Kd3 Bc5 42. Kc4 Nd6+ 43. Kd5 Nb5 44. Kc6 Nd4+ 45. Rxd4 Bxd4 46. Bxb6 Bc3 47. Kb5 Kf7 48. Bxa5 Be5 49.
Kc6 Ke6 50. Bc7 Bc3 51. Bd6 g5 52. b4 Kf6 53. b5 g4 54. b6 gxf3 55. gxf3 Ke6 56.
b7 1-0

[Event "*** Titled Tuesday Blitz"]
[Site "Chess.com"]
[Date "2018.11.06"]
[Round "4"]
[White "VladDobrov"]
[Black "Lovkov_Roman"]
[Result "1-0"]
[WhiteElo "2723"]
[BlackElo "2601"]
[TimeControl "180+2"]
[EndTime "13:53:43 PST"]
[Termination "VladDobrov won by resignation"]

1. d4 Nf6 2. c4 g6 3. g3 Bg7 4.
Bg2 O-O 5. Nc3 d6 6. Nf3 Nc6 7. O-O e5 8. d5 Nb8 9. Ne1 a5 10. Nd3 Na6 11. e4 Nd7 12. Be3 Ndc5 13. Qd2 Bd7 14.
Rae1 Kh8 15. f4 Nxd3 16. Qxd3 f5 17. Qd2 exf4 18. Bxf4 fxe4 19. Nxe4 Bf5 20. Ng5 Nc5 21. Ne6 Bxe6 22. dxe6 Qe7 23. Bh3 Rae8 24. Bg5 Bf6 25. Bh6 Bg7 26. Bg5 Bf6 27. Rxf6 Rxf6 28. Qd4 Kg7 29. Rf1 Rf8 30. Qc3 Ne4 31. Bxf6+ Rxf6 32. Qxa5 Rxf1+ 33. Bxf1 Qxe6 34. Qxc7+ Kh6 35. Qb6 Qe5 36. Qe3+ g5 37. Bg2 Qc5 38. Qxc5 Nxc5 39. b4 Nd3 40. a3 b6 41. Bf1 Ne5 42. Kf2 Kg6 43. Ke3 Kf6 44.
Be2 Ke6 45. Kd4 h6 46. a4 Nc6+ 47. Kc3 Ke5 48. Bf3 Nd4 49. Bg4 Nc6 50. Bd7 Nb8 51. Bb5 d5 52. a5 bxa5 53. bxa5 1-0

[Event "*** Titled Tuesday Blitz"]
[Site "Chess.com"]
[Date "2018.11.06"]
[Round "4"]
[White "Gr3egor"]
[Black "dmosesov"]
[Result "1/2-1/2"]
[WhiteElo "2479"]
[BlackElo "2347"]
[TimeControl "180+2"]
[EndTime "13:53:48 PST"]
[Termination "Game drawn by agreement"]

1. d4 Nf6 2. c4 e6 3. Nc3 Bb4 4. Qc2 d5 5. Nf3 O-O 6. a3 Bxc3+ 7.
Qxc3 dxc4 8. Qxc4 b6 9. Bg5 Bb7 10. e3 h6 11. Bh4 Ba6 12. Qa4 Bxf1 13. Kxf1 Nbd7 14. g3 c5 15. Kg2 cxd4 16. Qxd4 Qc7 17. Rac1 Qb7 18. Bxf6 Nxf6 19. Rhd1 Rac8 20. h3 Rxc1 21.
Rxc1 Rc8 22. Rxc8+ Qxc8 23. g4 Qc6 24. Qe5 Ne4 25.
Nd4 Qb7 26. f3 Nc5 27. Qd6 Qd7 28. Qxd7 Nxd7 29. f4 Nc5 30. Kf3 e5 31. fxe5 Nd3 32.
Nc6 Nxb2 33. Nxa7 Nc4 34. a4 Nxe5+ 35. Ke4 Nd7 36. Kd5 Nc5 37. a5 Na4 38. a6 Nc5 39.
Nc8 Nxa6 40. Nxb6 Nc7+ 41. Kd6 Ne6 42. h4 g6 43. Nd5 Kg7 44. Ke5 Nc5 45. Nf4 Nd7+ 46.
Ke4 Nf6+ 47. Kf3 Nd7 48. Nd3 f5 49. gxf5 gxf5 50. Kf4 Kf6 51. Nb4 Nb6 52. h5 Ke6 53. e4 fxe4 54. Kxe4 Nd7 55. Kf4 Nf6 1/2-1/2

[Event "*** Titled Tuesday Blitz"]
[Site "Chess.com"]
[Date "2018.11.06"]
[Round "4"]
[White "penguingm1"]
[Black "danyuffa"]
[Result "0-1"]
[WhiteElo "2832"]
[BlackElo "2643"]
[TimeControl "180+2"]
[EndTime "13:53:51 PST"]
[Termination "danyuffa won by resignation"]

1. d4 Nf6 2. c4 g6 3. f3 c5 4. d5 e6 5. e4 exd5 6. cxd5 d6 7. Nc3 Nbd7 8. Nge2 a6 9. a4 h5 10. Bg5 Qa5 11.
Nc1 Bg7 12. Qc2 h4 13. Be2 h3 14. g4 Ne5 15. Nb3 Qc7 16. Be3 Bd7 17. Rg1 O-O 18.
g5 Nh5 19. f4 c4 20. Nc1 Nd3+ 21. Nxd3 cxd3 22. Qxd3 b5 23. Bxh5 gxh5 24. Bd4 Bxd4 25. Qxd4 bxa4 26. e5 Bf5 27. Rg3 Rab8 28. Nxa4 Qc2 29.
Qd2 Qe4+ 30. Kf2 h4 31. Rgg1 dxe5 32. Nc3 Qd4+ 33. Qxd4 exd4 34. Ne2 Rxb2 35. Kf3 Rb4 36.
Rxa6 Re8 37. Ra3 d3 38. Nc3 Rb2 39. d6 Rxh2 40. Ra5 Bd7 41. g6 f5 42. Rc5 d2 43.
Re5 Rc8 44. Nd5 Rc1 45. Nf6+ Kg7 46. Ne8+ Bxe8 47. Re7+ Kf6 48. d7 Kxe7 49. g7 Rxg1 0-1

[Event "*** Titled Tuesday Blitz"]
[Site "Chess.com"]
[Date "2018.11.06"]
[Round "4"]
[White "hypert"]
[Black "Lagmantr"]
[Result "1/2-1/2"]
[WhiteElo "2364"]
[BlackElo "2523"]
[TimeControl "180+2"]
[EndTime "13:53:52 PST"]
[Termination "Game drawn by agreement"]

1. e4 c5 2. Nf3 d6 3. Bb5+ Bd7 4. Bxd7+ Nxd7 5. O-O Ngf6 6. Re1 g6 7. c3 Bg7 8. d4 e5 9. dxc5 Nxc5 10. Bg5 O-O 11. b4 Ne6 12. Bd2 a5 13. Qb3 Qb6 14. bxa5 Qxb3 15. axb3 Nc5 16. b4 Ncxe4 17. Be3 Rfc8 18. Ra3 Nd5 19. Rc1 Nxe3 20. fxe3 Bh6 21. c4 b6 22. Nbd2 Nxd2 23. Nxd2 bxa5 24. Rca1 Rab8 25. bxa5 Rb2 26. Ne4 Rxc4 27. a6 Rxe4 28. a7 Bxe3+ 29. Rxe3 Rxe3 30.
a8=Q+ Kg7 31. Qd5 Ree2 32. Rd1 e4 33. Qd4+ Kg8 34. Ra1 Rxg2+ 35. Kf1 Ra2 36. Rxa2 Rxa2 37. Qxd6 Ra8 38. Qe5 Ra6 39. Qxe4 Rf6+ 40. Kg2 Kg7 41. Qe5 h6 42. Kg3 g5 43. Kg4 Kg6 44. Kg3 h5 45.
h4 gxh4+ 46. Kxh4 Re6 47. Qg5+ Kh7 48. Kxh5 Rg6 49. Qf5 Kg7 50. Kh4 Rh6+ 51. Kg4 Rg6+ 52. Kh5 Rh6+ 53. Kg5 Rg6+ 54. Kh4 Rh6+ 55. Kg5 Rg6+ 1/2-1/2

[Event "*** Titled Tuesday Blitz"]
[Site "Chess.com"]
[Date "2018.11.06"]
[Round "4"]
[White "sergoy"]
[Black "HaryKane"]
[Result "1-0"]
[WhiteElo "2756"]
[BlackElo "2576"]
[TimeControl "180+2"]
[EndTime "13:53:54 PST"]
[Termination "sergoy won by resignation"]

1. d4 e6 2. c4 Nf6 3. Nf3 Bb4+ 4. Nbd2 b6 5. a3 Bxd2+ 6. Qxd2 Bb7 7. e3 O-O 8. Be2 Ne4 9. Qc2 f5 10. b4 d6 11. Bb2 Nd7 12. O-O a5 13. d5 exd5 14. cxd5 Bxd5 15. Rfd1 Bb7 16. Nd4 Qh4 17. g3 Qh6 18. Qxc7 Nxf2 19. Qxb7 Nxd1 20. Rxd1 Qxe3+ 21. Kg2 Ne5 22. Bc1 Qe4+ 23. Qxe4 fxe4 24. b5 Rac8 25. Bf4 Rc3 26. Ne6 Rc2 27. Kf2 Nd3+ 28. Ke3 Nxf4 29.
gxf4 Rc3+ 30. Kxe4 Re8 31. f5 g6 32. Rxd6 Kf7 33.
Kd4 Rxa3 34. Ng5+ Ke7 35. Rxb6 gxf5 36. Rb7+ Kf6 37. Nxh7+ Kg6 38. Bh5+ Kxh5 39. Nf6+ Kg5 40. Nxe8 Ra1 41. b6 a4 42. Rg7+ Kf4 43. Ra7 a3 44.
b7 Rb1 45. Nd6 Rb3 46. Kc4 Rb6 47. Rxa3 Ke5 48. Kc5 Rb1 49. Nb5 1-0

[Event "*** Titled Tuesday Blitz"]
[Site "Chess.com"]
[Date "2018.11.06"]
[Round "4"]
[White "PawnEatingZombie"]
[Black "twitchTriniCupid"]
[Result "1/2-1/2"]
[WhiteElo "2116"]
[BlackElo "2244"]
[TimeControl "180+2"]
[EndTime "13:53:59 PST"]
[Termination "Game drawn by repetition"]

1. d4 Nf6 2. c4 e6 3. Nc3 Bb4 4. Qc2 d5 5. cxd5 exd5 6. Bf4 O-O 7. e3 c5 8. dxc5 Nc6 9. Nf3 Qa5 10. Bd3 d4 11.
Nxd4 Nxd4 12. exd4 Re8+ 13. Be3 Ng4 14. O-O Qc7 15.
g3 Rxe3 16. Nd5 Qd8 17. Nxe3 Qxd4 18. Bxh7+ Kf8 19. Qe4 Bxc5 20. Nxg4 Bxg4 21. Bf5 Bh5 22. Qxd4 Bxd4 23. Rac1 Bf3 24. Rc8+ Rxc8 25. Bxc8 b6 26.
b3 Ke7 27. Re1+ Kd6 28. Bh3 Bd5 29. Bg2 Be6 30. h4 g6 31. Bf3 a5 32. Kg2 b5 33.
Rd1 Kc5 34. Rd2 Bc3 35. Re2 Kb4 36. g4 Ka3 37. h5 gxh5 38. gxh5 Bb2 39. Bc6 b4 40. h6 Bf5 41. Be4 Be6 42. Rxb2 Kxb2 43. h7 Kxa2 44. h8=Q Kxb3 45. Qd4 a4 46. Qd3+ Ka2 47.
Bd5+ b3 48. Bxe6 fxe6 49. Qc3 a3 50. Kf3 b2 51. Qc4+ Ka1 52. Qc3 Ka2 53. Qc4+ Ka1 54. Qc3 Ka2 55. Qc4+ Ka1 1/2-1/2

[Event "*** Titled Tuesday Blitz"]
[Site "Chess.com"]
[Date "2018.11.06"]
[Round "4"]
[White "norwaytoadog"]
[Black "paladin_ll"]
[Result "0-1"]
[WhiteElo "2143"]
[BlackElo "2167"]
[TimeControl "180+2"]
[EndTime "13:53:59 PST"]
[Termination "paladin_ll won by resignation"]

1. e4 c5 2. Nf3 Nc6 3. Bb5 g6 4. Bxc6 dxc6 5. d3 Bg7 6. h3 Nf6 7. O-O O-O 8. Be3 b6 9. Nbd2 Qc7 10. a4 a5 11. Nc4 Ba6 12. Nfd2 Bxc4 13. Nxc4 Nd7 14. Rb1 Ne5 15. Nd2 Nd7 16. Nc4 Ne5 17.
b3 Rad8 18. f4 Nxc4 19. bxc4 Bd4 20. Bxd4 Rxd4 21. f5 Rd7 22. Qg4 Rb8 23. Rf3 Qe5 24. Rbf1 Rf8 25. fxg6 Qd4+ 26. Kh1 hxg6 27. h4 e6 28. Rf6 Kg7 29. Qg5 Rh8 30. g4 Qd6 31. Kg2 b5 32. h5 Rh6 33. e5 Qd4 34. Rxf7+ Rxf7 35. Rxf7+ Kxf7 36. Qf6+ Kg8 37. Qxe6+ Kf8 38. Qf6+ Ke8 39. Qxc6+ Qd7 40. cxb5 Qxc6+ 41. bxc6 gxh5 42. g5 Rg6 43. Kf3 Rxg5 44. Kf4 Rg7 45. Kf5 h4 46. Kf6 Rc7 47. Kg5 h3 48. e6 h2 0-1

[Event "*** Titled Tuesday Blitz"]
[Site "Chess.com"]
[Date "2018.11.06"]
[Round "4"]
[White "xamax2000"]
[Black "GMHess"]
[Result "0-1"]
[WhiteElo "2486"]
[BlackElo "2672"]
[TimeControl "180+2"]
[EndTime "13:54:00 PST"]
[Termination "GMHess won by resignation"]

1. e4 d6 2. d4 Nf6 3. Nc3 c6 4. f4 Qa5 5. Bd3 d5 6. e5 Ne4 7. Bxe4 dxe4 8. Qe2 Na6 9. Bd2 Nb4 10. Kd1 e3 11. Qxe3 Bf5 12. Ne4 O-O-O 13. Nf3 Qa4 14.
b3 Qa3 15. Re1 Nxa2 16. Ke2 Qb2 17. Nc3 Nxc3+ 18. Qxc3 Qxc3 19. Bxc3 a6 20. Ra2 e6 21. Ng5 Rd7 22. Ke3 h6 23. Ne4 Be7 24. Ba5 Rd5 25.
c3 g5 26. h3 gxf4+ 27. Kxf4 h5 28. Nf6 Bxf6 29. exf6 Rg8 30. Re5 Bb1 31. Rb2 Bg6 32.
Bb6 Kd7 33. Bc5 Kc7 34. c4 Rd7 35. Rd2 b6 36. Be7 Kb7 37. b4 Ra8 38. Ra2 Rxd4+ 39.
Kg5 Rxc4 40. Rd2 a5 41. Rd7+ Ka6 42. bxa5 bxa5 43. Bc5 a4 44. Rc7 Re4 45. Rxc6+ Kb5 46. Rb6+ Ka5 47. Rxe4 Bxe4 48. Rb7 Bxb7 49. Kh6 Kb5 50.
Be7 a3 51. Bxa3 Rxa3 52. Kg7 Bxg2 53. Kxf7 Bxh3 54. Ke7 Ra7+ 55. Kd6 Rf7 56. Ke5 0-1

[Event "*** Titled Tuesday Blitz"]
[Site "Chess.com"]
[Date "2018.11.06"]
[Round "4"]
[White "pultineviciuspaulius"]
[Black "Paralinch"]
[Result "0-1"]
[WhiteElo "2574"]
[BlackElo "2833"]
[TimeControl "180+2"]
[EndTime "13:54:01 PST"]
[Termination "Paralinch won by resignation"]

1. e4 c6 2. d4 d5 3. e5 Bf5 4.
Nc3 e6 5. h4 h5 6. Be2 c5 7. Nf3 Nc6 8. dxc5 Bxc5 9. a3 Nge7 10. b4 Bb6 11. Bg5 a6 12. O-O Rc8 13. b5 Na5 14. Na4 Bxc2 15. Qd2 Bxa4 16. bxa6 bxa6 17. Bxa6 Ra8 18. Qb4 Rxa6 19. Qxa4+ Qd7 20. Qf4 Nf5 21. Rab1 O-O 22. g4 hxg4 23. Qxg4 Bd8 24. Kg2 Nc4 25.
Rfe1 Rxa3 26. Rbd1 Rxf3 27. Kxf3 f6 28. exf6 Bxf6 29.
Kg2 Qf7 30. h5 Bxg5 31. Qxg5 Qf6 32. Qxf6 Rxf6 33. Ra1 Nd2 34. Ra8+ Kh7 35. Re8 Ne4 36. f3 Nh4+ 37. Kh3 Nxf3 38. Re3 Nd4 39. Ra3 Kh6 40. Kg4 Nf2+ 41. Kg3 Kxh5 42. Ra4 Ne4+ 43.
Kg2 Nf5 44. Kh3 Ng5+ 45. Kh2 Nh6 46. Kg2 Ne4 47. Re7 Rf2+ 48. Kg1 Rf6 49. Rxg7 Rg6+ 50.
Rxg6 Kxg6 51. Ra6 Kf5 52. Ra8 Ng4 53. Rf8+ Ngf6 54. Rg8 e5 55. Rd8 d4 56. Kf1 Kf4 57. Ke1 Ke3 58. Rh8 Ng3 59. Rh3 Ne4 60. Rh2 d3 61. Ra2 d2+ 62. Rxd2 Nxd2 0-1

[Event "*** Titled Tuesday Blitz"]
[Site "Chess.com"]
[Date "2018.11.06"]
[Round "4"]
[White "Grieve72"]
[Black "andrzej"]
[Result "1-0"]
[WhiteElo "2301"]
[BlackElo "2232"]
[TimeControl "180+2"]
[EndTime "13:54:05 PST"]
[Termination "Grieve72 won by checkmate"]

1. d4 Nf6 2. Bg5 Ne4 3. Bf4 d5 4. e3 Nf6 5. Bg5 Ne4 6. Bf4 Nf6 7. Nd2 c5 8. c3 Nc6 9. Bg5 Qb6 10. b3 cxd4 11.
exd4 Bf5 12. Ngf3 Ne4 13. Nxe4 dxe4 14. Nd2 Qa5 15. b4 Qc7 16. Qa4 Bd7 17. b5 Nd8 18. c4 e5 19. d5 f5 20. g3 Nf7 21. Be3 Bc5 22. Nb3 Bxe3 23. fxe3 O-O 24. c5 a6 25. b6 Qc8 26. Qb4 f4 27. gxf4 exf4 28. Bc4 Ne5 29. O-O-O fxe3 30. Rhe1 a5 31. Qc3 a4 32.
Qxe5 axb3 33. d6+ Kh8 34. Bxb3 Ra5 35. Rd5 Be6 36. Red1 Bxd5 37. Rxd5 Rf1+ 38. Kb2 Rf2+ 39. Kc3 e2 40. Kd2 Qf8 41. d7 e1=Q+ 42. Kxe1 Rf1+ 43.
Kd2 Qf2+ 44. Kc3 Qe1+ 45. Kc4 Qc1+ 46. Kb4 Qe1+ 47. Qc3 Rb5+ 48. Kxb5 Qxc3 49. d8=Q+ Rf8 50. Qxf8# 1-0

[Event "*** Titled Tuesday Blitz"]
[Site "Chess.com"]
[Date "2018.11.06"]
[Round "4"]
[White "santosalberto1987"]
[Black "jcibarra"]
[Result "0-1"]
[WhiteElo "2396"]
[BlackElo "2614"]
[TimeControl "180+2"]
[EndTime "13:54:05 PST"]
[Termination "jcibarra won by resignation"]

1. e4 e5 2. Nf3 Nc6 3. Bc4 Bc5 4. c3 Nf6 5. d3 O-O 6. O-O d5 7. exd5 Nxd5 8. Re1 Bg4 9. h3 Bh5 10. Nbd2 Nb6 11. Ne4 Nxc4 12. Nxc5 Nd6 13. g4 Bg6 14. Nxe5 Nxe5 15. Rxe5 b6 16. Nb3 Nc4 17. Re1 Qxd3 18.
Qxd3 Bxd3 19. Nd4 c5 20. Nf3 f5 21. Ne5 Nxe5 22. Rxe5 fxg4 23. hxg4 Rae8 24. Rxe8 Rxe8 25.
Be3 h6 26. Rd1 c4 27. Re1 Rf8 28. Bd2 Kf7 29. Kg2 Rd8 30. Be3 Rd5 31. Bd4 Rb5 32. a4 Rxb2 33. a5 bxa5 34. Ra1 Rb5 35. Bxa7 Bc2 36. Kf3 a4 37. Ke3 Bb3 38. Bd4 g5 39.
f4 gxf4+ 40. Kxf4 Kg6 41. Be5 Rd5 42. Bd4 Ra5 43. Ra3 Kf7 44. Be3 h5 45. gxh5 Rxh5 46. Bd4 Rh1 47. Ke5 Kg6 48. Kd5 Kf5 49. Kc5 Ke4 50. Kb4 Kd3 51. Bc5 Kc2 52. Bd4 Kb2 53. Bc5 Rh8 54. Kb5 Rh5 0-1

[Event "*** Titled Tuesday Blitz"]
[Site "Chess.com"]
[Date "2018.11.06"]
[Round "4"]
[White "IvanRadivojevic"]
[Black "JSMastropiero"]
[Result "1/2-1/2"]
[WhiteElo "2403"]
[BlackElo "2295"]
[TimeControl "180+2"]
[EndTime "13:54:11 PST"]
[Termination "Game drawn by repetition"]

1. e4 c5 2. Nc3 g6 3. f4 Nc6 4.
Nf3 Bg7 5. Bb5 Nd4 6. O-O Nxb5 7. Nxb5 d5 8. exd5 a6 9. Nc3 Nf6 10. d4 c4 11. Qe2 b5 12. a4 Rb8 13. axb5 axb5 14.
Ne5 Bb7 15. Nxb5 Bxd5 16. Nc3 O-O 17. Nxd5 Qxd5 18. Qxc4 Qb7 19. c3 Nd5 20. Qc6 Bxe5 21. Qxb7 Bxd4+ 22. cxd4 Rxb7 23. f5 Rc8 24. Ra5 Nf6 25.
Re1 Kg7 26. h3 Rc2 27. Rae5 Rd7 28. R5e2 Rxe2 29. Rxe2 Rxd4 30. Bg5 Ne4 31. Bxe7 gxf5 32. Bh4 Rd1+ 33. Kh2 Kg6 34. Bg3 Rd3 35. Bf4 Rb3 36. Be5 h5 37. Bd4 h4 38. Rc2 Rd3 39. Bf2 Kg5 40.
b4 Rb3 41. Bc5 Rb1 42. Be7+ f6 43. Rc8 Ng3 44. Rg8+ Kh5 45. Rh8+ Kg5 46. Rg8+ Kh5 47. Rh8+ Kg5 48. Rg8+ Kh5 49. Rh8+ Kg5 50. Rg8+ Kh5 51. Rh8+ Kg5 1/2-1/2

[Event "*** Titled Tuesday Blitz"]
[Site "Chess.com"]
[Date "2018.11.06"]
[Round "4"]
[White "51616516516"]
[Black "Polish_fighter3000"]
[Result "1/2-1/2"]
[WhiteElo "2264"]
[BlackElo "2971"]
[TimeControl "180+2"]
[EndTime "13:54:18 PST"]
[Termination "Game drawn by repetition"]

1. d4 Nf6 2. c4 g6 3. Nf3 Bg7 4. g3 b6 5. Bg2 Bb7 6. O-O O-O 7. d5 b5 8. Nc3 bxc4 9. e4 c6 10. d6 exd6 11. Qxd6 c5 12. Qxc5 Nxe4 13. Nxe4 Bxe4 14. Qxc4 d5 15. Qa4 Qb6 16. Nd2 Bxg2 17. Kxg2 Nc6 18. Nf3 Rac8 19. Rb1 d4 20. Rd1 Qb7 21. Kg1 Rfd8 22.
Bf4 d3 23. Qe4 Qb5 24. a4 Qb4 25. Qe3 Qb3 26. Ne1 Bd4 27. Rxd3 Qa2 28. Qc1 f6 29. Qd1 g5 30. Be3 Bxe3 31. fxe3 Rxd3 32. Qxd3 Rd8 33.
Qe4 Ne5 34. Rc1 Qxb2 35. Rc7 Nf7 36. Qe6 Rf8 37. Nf3 Qa1+ 38. Kg2 Qxa4 39. Nd4 Qa5 40. Rb7 Qd2+ 41. Kg1 Qe1+ 42. Kg2 Qd2+ 43. Kg1 Qc1+ 44.
Kg2 Qd2+ 45. Kg1 Qc1+ 46. Kg2 a5 47. Nf5 Qc2+ 48. Kg1 Qc1+ 49. Kg2 Qc2+ 50. Kg1 Qd1+ 51. Kg2 Qe2+ 52. Kg1 Qe1+ 53. Kg2 Qe2+ 54. Kg1 Qd1+ 55. Kg2 Qe2+ 56. Kg1 Qd1+ 57. Kg2 1/2-1/2